 Dungeon Crawl Stone Soup version 0.18.1-8-gdd0e5ea (webtiles) character file.

150 oshikia the Cudgeler (level 5, 0/39 HPs)
             Began as a Demonspawn Gladiator on June 13, 2016.
             Was an Initiate of Pakellas.
             Slain by an orc priest
             ... wielding a +2 hand axe of electrocution
              (5 damage)
             ... on level 3 of the Dungeon.
             The game lasted 00:07:08 (2396 turns).

oshikia the Cudgeler (Demonspawn Gladiator)         Turns: 2396, Time: 00:07:08

Health: 0/39       AC: 10    Str: 15    XL:     5   Next: 10%
Magic:  5/5        EV: 13    Int: 10    God:    Pakellas [......]
Gold:   77         SH:  3    Dex: 14    Spells: 0 memorised, 4 levels left

rFire  . . .     SeeInvis .     a - +0 flail
rCold  + . .     Gourm    .     b - +0 leather armour
rNeg   . . .     Faith    .     (no shield)
rPois  .         Spirit   .     m - +2 helmet
rElec  .         Dismiss  .     e - +0 cloak
rCorr  .         Reflect  .     (no gloves)
SustAt .         Harm     .     (no boots)
MR     .....                    (no amulet)
Stlth  +.........               (no ring)
                                p - ring of protection from cold

@: not resistant to hostile enchantments, very unstealthy
A: large bone plates 2
a: Renounce Religion


You were on level 3 of the Dungeon.
You worshipped Pakellas.
Pakellas was noncommittal.
You were not hungry.

You visited 1 branch of the dungeon, and saw 4 of its levels.

You collected 77 gold pieces.

Inventory:

Hand Weapons
 a - a +0 flail (weapon)
Missiles
 d - 3 throwing nets (quivered)
Armour
 b - a +0 leather armour (worn)
 c - a +0 helmet
 e - a +0 cloak (worn)
 m - a +2 helmet (worn)
Jewellery
 g - an uncursed ring of flight {unknown}
 p - a ring of protection from cold (left hand)
Scrolls
 h - a scroll of identify {unknown}
 i - 3 scrolls of enchant weapon {unknown}
 k - 2 scrolls of remove curse {unknown}
 n - a scroll of noise {unknown}
 o - a scroll of teleportation {unknown}
 r - a scroll of enchant armour {unknown}
 t - a scroll of magic mapping {unknown}
Potions
 q - a potion of curing {unknown}
 s - a potion of haste {unknown}
Comestibles
 f - 3 bread rations
 j - a slice of pizza


   Skills:
 + Level 2.7 Fighting
 * Level 4.2 Maces & Flails
 - Level 1.7 Throwing
 + Level 3.6 Dodging
 + Level 0.2 Evocations


You had 4 spell levels left.
You didn't know any spells.

Dungeon Overview and Level Annotations

Branches:
Dungeon (4/15)
 Temple: D:4-7

Altars:
Ashenzari
Cheibriados
Dithmenos
Gozag
Makhleb
Pakellas
Vehumet
Xom


Innate Abilities, Weirdness & Mutations

You are mostly covered in large bone plates (AC +3, SH +3).


Message History

The orc priest miscasts a cantrip.
The orc closely misses you.
You hit the orc.
You kill the orc!
Pakellas accepts your kill. The orc barely misses you.
The orc priest miscasts a cantrip.
You sock the orc priest!
The orc priest is almost dead.
The orc misses you.
The orc priest hits you with a hand axe of electrocution.
You are electrocuted!
* * * LOW HITPOINT WARNING * * *
You are too injured to fight recklessly!
You are too injured to fight recklessly!
You barely miss the orc priest.
The orc priest is almost dead.
The orc priest hits you with a hand axe of electrocution.
You die...
Pakellas says: That's one more possible approach eliminated.

#### ##
.......
...#. #
.%. #
#o######
####
#o@....#
#...
######.#
#.##
##.##
#.##
#...#
#.##
##..#
#...
##.##
#.##
#..##
#.##
####...##
#...
+.>.....#
###...


You could see an orc priest and an orc.

Vanquished Creatures
  3 orc wizards (D:3)
  An adder (D:2)
  2 dart slugs (D:1)
  3 giant geckos
  4 orcs (D:3)
  3 giant cockroaches
  2 goblins (D:1)
  4 hobgoblins
  11 jackals
  3 bats
  A giant newt (D:3)
  5 kobolds
  2 rats (D:2)
44 creatures vanquished.

Notes
Turn   | Place    | Note
--------------------------------------------------------------
     0 | D:1      | oshikia the Demonspawn Gladiator began the quest for the Orb.
     0 | D:1      | Reached XP level 1. HP: 16/16 MP: 1/1
   246 | D:1      | Reached skill level 3 in Maces & Flails
   260 | D:1      | Gained mutation: You are partially covered in large bone plates (AC +2, SH +2). [demonic ancestry]
   260 | D:1      | Reached XP level 2. HP: 18/22 MP: 2/2
   810 | D:1      | Reached XP level 3. HP: 27/27 MP: 3/3
  1520 | D:2      | Found a shadowy altar of Dithmenos.
  1646 | D:2      | Found a burning altar of Makhleb.
  1648 | D:2      | Noticed a balrug
  1655 | D:2      | Noticed a ynoxinul
  1655 | D:2      | Noticed an orange demon
  1921 | D:3      | Found a shattered altar of Ashenzari.
  1923 | D:3      | Found a shimmering altar of Xom.
  1923 | D:3      | Found a radiant altar of Vehumet.
  1924 | D:3      | Found a snail-covered altar of Cheibriados.
  1926 | D:3      | Found an opulent altar of Gozag.
  1988 | D:3      | Gained mutation: You are mostly covered in large bone plates (AC +3, SH +3). [demonic ancestry]
  1988 | D:3      | Reached XP level 4. HP: 28/34 MP: 4/4
  2135 | D:3      | Reached skill level 4 in Maces & Flails
  2136 | D:3      | Reached XP level 5. HP: 24/39 MP: 5/5
  2309 | D:3      | Found an oddly glowing altar of Pakellas.
  2365 | D:3      | Became a worshipper of Pakellas the Inventive
  2396 | D:3      | Slain by an orc priest

Skill      XL: |  1  2  3  4 |
---------------+-------------+-----
Maces & Flails | 3 4 |  4.2
Dodging        | 3 |  3.6
Fighting       | |  2.7
Throwing       | |  1.7
Evocations     | |  0.2

Action                   |  1- 3 |  4- 6 || total
-------------------------+-------+-------++-------
Melee: Flail             |   140 |    27 ||   167
Throw: Throwing net      |       |     1 ||     1
  Use: Potion            |     2 |       ||     2
  Eat: Chunk             |     3 |     2 ||     5
Armor: Leather armour    |    72 |     5 ||    77
Dodge: Dodged            |   126 |    16 ||   142
Block: Other             |    11 |     2 ||    13
